AoeStats
← {WaZzU'P} Recluta4!

Nomad

508978963Analyzed
4v4 RM · 7d ago on Sep 24, 2026· 10m 13s· 8 players
Game mode
Random Map
Map size
231×231
Population
200
Speed
Normal
Resources
Standard
Victory
Conquest
Starting age
Dark Age
Ending age
Imperial Age
RankedLock teamsTeams togetherTeam positionsShared explorationLock speedFull tech treeHidden civsTurbo modeCheats
Victory
Defeat
🇲🇽 Saracens · Mexico
1282
+16
🇺🇸 Spanish · United States
1256
+17
🇺🇸 Byzantines · United States
1233
+18
🇨🇭 Maya · Switzerland
1203
+18
🇪🇸 Japanese · Spain
1308
-19
🇧🇷 Maya · Brazil
1300
-18
🇨🇳 Poles · China
1241
-16
🇨🇱 Dravidians · Chile
1230
-16
alexisjcw
5:58 Loom
{WaZzU'P} Recluta4!
5:13 Loom
{WaZzU'P} GranPolo
7:07 Loom
Koatlistak
5:37 Loom
YOU XXX
5:06 Loom
NPG | Kenji
5:01 Loom
大汉忠臣曹孟德
Rōnin
4:43 Loom
7:32 Loom
Connection lost

Rejoining the realm…

Still unreachable

The connection could not be restored.

Session expired

The server has moved on; the page needs a fresh start.